 Dungeon Crawl Stone Soup version 0.18.1-48-g4cf74bf (webtiles) character file.

256 Inkary the Covered (level 6, -4/39 HPs)
             Began as a Gargoyle Fighter on July 19, 2016.
             Was a Follower of the Shining One.
             Slain by an ogre
             ... wielding a +0 giant spiked club
              (27 damage)
             ... on level 4 of the Dungeon.
             The game lasted 00:06:07 (1844 turns).

Inkary the Covered (Gargoyle Fighter)               Turns: 1844, Time: 00:06:07

Health: -4/39      AC: 13    Str: 21    XL:     6   Next: 16%
Magic:  6/6        EV:  7    Int:  8    God:    the Shining One [*.....]
Gold:   151        SH:  9    Dex: 10    Spells: 0 memorised, 5 levels left

rFire  . . .     SeeInvis .     a - +1 flail
rCold  . . .     Gourm    .     b - +0 scale mail
rNeg   + . .     Faith    .     c - +0 shield
rPois  ∞         Spirit   .     (no helmet)
rElec  +         Dismiss  .     m - +1 cloak
rCorr  .         Reflect  .     (no gloves)
SustAt .         Harm     .     (no boots)
MR     .....                    (no amulet)
Stlth  ..........               (no ring)
                                w - ring of loudness

@: glowing, not resistant to hostile enchantments, extremely unstealthy
A: negative energy resistance 1, electricity resistance, unbreathing,
petrification resistance, rot immunity, AC +4
a: Renounce Religion


You were on level 4 of the Dungeon.
You worshipped the Shining One.
The Shining One was aware of your devotion.
You were not hungry.

You visited 1 branch of the dungeon, and saw 4 of its levels.

You collected 151 gold pieces.

Inventory:

Hand Weapons
 a - a +1 flail (weapon)
Armour
 b - a +0 scale mail (worn)
 c - a +0 shield (worn)
 m - a +1 cloak (worn)
Jewellery
 w - a ring of loudness (left hand)
Scrolls
 n - a scroll of enchant weapon
 p - a scroll of teleportation
Potions
 d - a potion of might
 g - a potion of flight {unknown}
 l - a potion of degeneration {unknown}
 o - a potion of agility {unknown}
 s - a potion of haste {unknown}
 t - 2 potions of curing {unknown}
Comestibles
 f - 4 bread rations
 h - a beef jerky
 i - 2 fruits
 j - 2 meat rations
 k - a chunk of flesh


   Skills:
 + Level 4.3 Fighting
 * Level 4.2 Maces & Flails
 + Level 4.6 Armour
 + Level 4.1 Shields


You had 5 spell levels left.
You didn't know any spells.

Dungeon Overview and Level Annotations

Branches:
Dungeon (4/15)
 Temple: D:4-7

Altars:
Dithmenos
Elyvilon
Okawaru
Qazlal
Ru
Trog
Vehumet
Xom
Yredelemnul
Zin
The Shining One


Innate Abilities, Weirdness & Mutations

You are resistant to torment.
Your stone body is resilient (AC +4).
You are immune to poison.
You resist negative energy.
You are resistant to electric shocks.
You can survive without breathing.
You are immune to petrification.
You are immune to rotting.


Message History

k - a chunk of flesh An ogre comes into view.
It is wielding a giant spiked club.
The ogre shouts!
An ogre is nearby!
You hit the ogre.
The ogre is lightly wounded.
The ogre hits you but does no damage.
Your shield and scale mail prevent you from hitting the ogre.
The ogre is lightly wounded.
The ogre hits you with a giant spiked club!
You hit the ogre.
The ogre is moderately wounded.
The ogre hits you with a giant spiked club.
You sock the ogre!
The ogre is severely wounded.
You completely miss the ogre.
The ogre is severely wounded.
The ogre hits you with a giant spiked club!!
Ouch! That really hurt!
You die...

..# ..# ..#
#.# #.# . #.#
.. #O# ...
#@###### ....
#......#
.....####...#
#.....<#...#
#......#...#
#..........#
......#...#.#
..........#.#
........#.#.#


You could see an ogre.

Vanquished Creatures
  The ghost of TBriggs11TB the Grasshopper, a weakling NaWr (D:3)
  2 orc priests (D:3)
  Jessica (D:2)
  7 adders
  3 oozes
  A worm (D:3)
  2 giant geckos (D:3)
  An orc (D:3)
  4 giant cockroaches
  4 goblins
  5 hobgoblins
  2 quokkas (D:3)
  4 bats
  A giant gecko skeleton (D:3)
  2 giant newts
  3 kobolds
  11 rats
54 creatures vanquished.

Notes
Turn   | Place    | Note
--------------------------------------------------------------
     0 | D:1      | Inkary the Gargoyle Fighter began the quest for the Orb.
     0 | D:1      | Reached XP level 1. HP: 14/14 MP: 1/1
   132 | D:1      | Found a glowing golden altar of the Shining One.
   199 | D:1      | Became a worshipper of the Shining One
   284 | D:1      | Reached XP level 2. HP: 19/19 MP: 2/2
   544 | D:2      | Reached XP level 3. HP: 20/23 MP: 3/3
   704 | D:2      | Noticed Jessica
   711 | D:2      | Killed Jessica
   711 | D:2      | Reached XP level 4. HP: 10/29 MP: 4/4
   946 | D:2      | Found a bloodstained altar of Trog.
   948 | D:2      | Found an iron altar of Okawaru.
   952 | D:2      | Found a shadowy altar of Dithmenos.
   952 | D:2      | Found a glowing silver altar of Zin.
   952 | D:2      | Found a radiant altar of Vehumet.
   955 | D:2      | Found a sacrificial altar of Ru.
   956 | D:2      | Found a white marble altar of Elyvilon.
   957 | D:2      | Found a basalt altar of Yredelemnul.
  1072 | D:2      | Found a shimmering altar of Xom.
  1243 | D:3      | Reached XP level 5. HP: 29/33 MP: 5/5
  1254 | D:3      | Reached * piety under the Shining One
  1418 | D:3      | Noticed TBriggs11TB's ghost (weakling NaWr)
  1430 | D:3      | Killed TBriggs11TB's ghost
  1444 | D:3      | Reached XP level 6. HP: 34/39 MP: 6/6
  1473 | D:3      | Found a stormy altar of Qazlal.
  1844 | D:4      | Slain by an ogre

Skill      XL: |  1  2  3  4  5 |
---------------+----------------+-----
Maces & Flails | 3 4 |  4.2
Armour         | 4 |  4.6
Fighting       | 4 |  4.3
Shields        | 4 |  4.1

Action                   |  1- 3 |  4- 6 || total
-------------------------+-------+-------++-------
Melee: Flail             |    79 |    94 ||   173
  Use: Scroll            |       |     7 ||     7
  Eat: Chunk             |       |     3 ||     3
Armor: Scale mail        |    57 |    40 ||    97
Dodge: Dodged            |    34 |    25 ||    59
Block: Shield            |    45 |    33 ||    78
